[Event "Early-Titled-Tuesday-Blitz-March-19-2024"]
[Site "Chess.com"]
[Date "2024.03.19"]
[Round "7"]
[White "grandcoach"]
[Black "pfalcon1949"]
[Result "0-1"]
[WhiteElo "2216"]
[BlackElo "1993"]
[TimeControl "180+1"]
[EndTime "9:18:48 PDT"]
[Termination "pfalcon1949 won on time"]

1. e4 e6 2. Nf3 d5 3. e5 c5 4. b4 cxb4 5. a3 Qa5 6. Bb2 Qb6 7.
Bd4 Qa5 8. axb4 Qxb4 9. Nc3 Nc6 10. Nb5 Rb8 11. Bc3 Qe4+ 12. Be2 a6 13. Nd6+ Bxd6 14.
exd6 Nf6 15. O-O d4 16. Ba5 Nxa5 17. Rxa5 O-O 18. Re1 Qc6 19. Nxd4 Qxd6 20. Nf3 Rd8 21. Bd3 h6 22. Qa1 Bd7 23. Rae5 Bc6 24. R1e3 Ng4 25.
Rh5 Nxe3 26. fxe3 Bxf3 27. gxf3 Qe7 28. Qf1 Qf6 29. Qg2 Kf8 30. Rh3 b5 31. Rg3 b4 0-1

[Event "Early-Titled-Tuesday-Blitz-March-19-2024"]
[Site "Chess.com"]
[Date "2024.03.19"]
[Round "7"]
[White "tusplingher"]
[Black "1mbl4"]
[Result "1-0"]
[WhiteElo "2481"]
[BlackElo "2597"]
[TimeControl "180+1"]
[EndTime "9:18:49 PDT"]
[Termination "tusplingher won by checkmate"]

1. e4 g6 2. d4 Bg7 3. Nc3 c5 4.
dxc5 b6 5. cxb6 axb6 6. Nf3 Bb7 7. Bd3 Nc6 8. O-O Nb4 9. Be3 Nxd3 10. cxd3 Nf6 11.
Qb3 O-O 12. Qxb6 Qb8 13. Rfc1 Rc8 14. a4 Ra6 15. Qb3 Qa8 16. h3 Rb8 17. Qc2 d5 18. e5 Nd7 19. Bd4 Bc6 20. e6 fxe6 21.
Bxg7 Kxg7 22. Nd4 Nf8 23. Qe2 Bd7 24. Qe5+ Kf7 25. b3 Rb4 26. Ncb5 Qd8 27. Qe1 Qa5 28. Nf3 Rxb3 29. Ne5+ Kg7 30. Qe3 Ra8 31. Qf4 Be8 32. Nc7 Kh8 33. Qxf8# 1-0

[Event "Early-Titled-Tuesday-Blitz-March-19-2024"]
[Site "Chess.com"]
[Date "2024.03.19"]
[Round "7"]
[White "PabloZarnicki"]
[Black "Alenzer"]
[Result "0-1"]
[WhiteElo "2597"]
[BlackElo "2180"]
[TimeControl "180+1"]
[EndTime "9:18:50 PDT"]
[Termination "Alenzer won on time"]

1. e4 c5 2. Nf3 e6 3. d3 Nc6 4.
g3 g6 5. Bg5 Qc7 6. Bg2 Bg7 7. c3 h6 8. Be3 b6 9. O-O Nge7 10. d4 cxd4 11. cxd4 d5 12. e5 O-O 13. Nc3 a6 14. Rc1 Bb7 15. h4 Nf5 16. Bf4 Rac8 17.
Qd2 Kh7 18. Bh3 Qe7 19. h5 Qb4 20. Bxf5 gxf5 21. a3 Qe7 22. Na4 Na5 23. Nxb6 Nb3 24. Nxc8 Rxc8 25. Qd3 Nxc1 26. Rxc1 Rxc1+ 27. Bxc1 f6 28. exf6 Bxf6 29. Bf4 Qd7 30. Be5 Bg7 31. Bxg7 Kxg7 32.
Ne5 Qa4 33. Qc3 Qd1+ 34. Kg2 Kf6 35. Qc7 Qxd4 36. Nd7+ Kg5 37. f4+ Kxh5 0-1

[Event "Early-Titled-Tuesday-Blitz-March-19-2024"]
[Site "Chess.com"]
[Date "2024.03.19"]
[Round "7"]
[White "kenta1234"]
[Black "musclemonster12"]
[Result "0-1"]
[WhiteElo "2804"]
[BlackElo "2607"]
[TimeControl "180+1"]
[EndTime "9:18:51 PDT"]
[Termination "musclemonster12 won by resignation"]

1. d4 Nf6 2. Nf3 e6 3. c4 Bb4+ 4. Nbd2 b6 5. g3 Ba6 6. a3 Bxd2+ 7. Nxd2 Bb7 8. Nf3 d5 9. Bg2 dxc4 10. Qa4+ Nbd7 11.
Qxc4 O-O 12. O-O Qc8 13. b4 Bd5 14. Qc2 Qb7 15. Bf4 Rfc8 16. Rac1 a5 17. b5 c5 18. bxc6 Rxc6 19. Qb2 Rac8 20. Rfd1 Rxc1 21. Rxc1 Rxc1+ 22. Qxc1 Qc6 23. Qxc6 Bxc6 24. Bc7 Nd5 25. Bd8 Kf8 26. Nd2 Ke8 27. Bh4 b5 28. g4 N7b6 29. Bg3 Kd7 30. g5 b4 31. axb4 Nxb4 32. Ne4 Bxe4 33. Bxe4 a4 34.
Be5 N6d5 35. Bxg7 a3 36. Bxd5 exd5 37. Bf8 a2 38. Bxb4 a1=Q+ 39. Kg2 Qxd4 40. Be1 Qg4+ 0-1

[Event "Early-Titled-Tuesday-Blitz-March-19-2024"]
[Site "Chess.com"]
[Date "2024.03.19"]
[Round "7"]
[White "Elnaz_Kaliakhmet"]
[Black "CSB7"]
[Result "1-0"]
[WhiteElo "2550"]
[BlackElo "2770"]
[TimeControl "180+1"]
[EndTime "9:18:51 PDT"]
[Termination "Elnaz_Kaliakhmet won on time"]

1. d4 Nf6 2. c4 a6 3. Nc3 b5 4. cxb5 axb5 5. Nxb5 e5 6. dxe5 Ne4 7. Nf3 Bb7 8. e3 Bb4+ 9. Bd2 Nxd2 10. Nxd2 O-O 11. a3 Be7 12. Qg4 Nc6 13. Qg3 Ra5 14. Be2 Ba6 15.
a4 Bb4 16. b3 Bxd2+ 17. Kxd2 Qe7 18. Qf4 Nxe5 19. Rhd1 Bxb5 20. axb5 Rfa8 21. Qd4 Rxa1 22. Rxa1 Rxa1 23. Qxa1 g5 24. Qc3 d6 25. g3 f6 26. f3 Kg7 27. f4 Nf7 28. Bc4 gxf4 29. exf4 Nd8 30. Qf3 Qd7 31. Qh5 Nb7 32. Bd3 Kg8 33.
Qd5+ Kg7 34. Qxb7 Qe7 35. Qe4 1-0

[Event "Early-Titled-Tuesday-Blitz-March-19-2024"]
[Site "Chess.com"]
[Date "2024.03.19"]
[Round "7"]
[White "VladimirBugayev"]
[Black "Lady_Nika"]
[Result "0-1"]
[WhiteElo "2348"]
[BlackElo "2581"]
[TimeControl "180+1"]
[EndTime "9:18:51 PDT"]
[Termination "Lady_Nika won on time"]

1. e4 c5 2. Nc3 e6 3. f4 Nc6 4. Nf3 d5 5. Bb5 d4 6. Nb1 Qc7 7. Ne5 a6 8. Bxc6+ bxc6 9. d3 Bd6 10. O-O Nh6 11. Nc4 Be7 12. g4 a5 13. g5 Ng8 14. a4 Ba6 15. Nba3 f6 16. Qh5+ g6 17. Qh3 Bc8 18. Bd2 h6 19. gxf6 Nxf6 20. Qg2 Rg8 21. Kh1 Bd7 22. Ne5 Kd8 23. Nac4 Be8 24. Qh3 Bd7 25.
Nxd7 Kxd7 26. Rae1 h5 27. Ne5+ Kd6 28. Nf7+ Kd7 29.
Ng5 Ng4 30. f5 gxf5 31. Nxe6 Kxe6 32. exf5+ Kd7 33. Qxh5 Nf6 34. Qf7 Qd6 35. Rxe7+ Qxe7 36. Qc4 Rg7 37. Re1 Qd6 0-1

[Event "Early-Titled-Tuesday-Blitz-March-19-2024"]
[Site "Chess.com"]
[Date "2024.03.19"]
[Round "7"]
[White "Zheenbekov86"]
[Black "Gennady_Kozlov"]
[Result "0-1"]
[WhiteElo "2459"]
[BlackElo "2678"]
[TimeControl "180+1"]
[EndTime "9:18:52 PDT"]
[Termination "Gennady_Kozlov won on time"]

1. Nf3 d5 2. g3 Bf5 3. Bg2 c6 4. O-O h6 5. d3 e6 6. Nbd2 Nf6 7. Qe1 Be7 8. e4 dxe4 9. dxe4 Bh7 10.
e5 Nd5 11. Ne4 O-O 12. Qe2 Nd7 13. Rd1 Qc7 14. c4 N5b6 15. Nc3 Rad8 16. h4 Nc5 17. Be3 Bd3 18. Qe1 Nxc4 19. Bxc5 Bxc5 20. Ne4 Be7 21. b3 Nxe5 22. h5 Nxf3+ 23. Bxf3 Bxe4 24. Bxe4 Bf6 25. Rac1 Qe5 26. Qe2 Qb2 27. Rc2 Rxd1+ 28.
Qxd1 Qa1 29. Rc1 Qxa2 30. Qf3 Qb2 31. Rd1 Rd8 32. Rf1 Qe5 33. Bb1 Rd2 34. b4 a6 35. Qg4 Qd4 36. Qf3 Be5 37. Re1 Bd6 38. Kg2 Qb2 39. Rf1 Qxb4 40. Kh3 Qb5 41. Kg2 Qd5 0-1

[Event "Early-Titled-Tuesday-Blitz-March-19-2024"]
[Site "Chess.com"]
[Date "2024.03.19"]
[Round "7"]
[White "Oleksandr_Bortnyk"]
[Black "Seochesspie"]
[Result "1-0"]
[WhiteElo "3060"]
[BlackElo "2894"]
[TimeControl "180+1"]
[EndTime "9:18:53 PDT"]
[Termination "Oleksandr_Bortnyk won on time"]

1. d4 Nf6 2. Nc3 d5 3. Bf4 a6 4. e3 e6 5. a3 c5 6. Nf3 Nc6 7.
Bd3 b5 8. dxc5 Bxc5 9. O-O Bb7 10. Qe2 b4 11. Na4 Be7 12. Ne5 bxa3 13. bxa3 Nxe5 14.
Bxe5 Bc6 15. Nc3 Qa5 16. Qf3 O-O 17. Qg3 g6 18. Ne2 Nh5 19. Qf3 f6 20. Qh3 Bd7 21.
Bc3 Qd8 22. Qf3 Qc7 23. e4 Bc6 24. Rfe1 dxe4 25. Bxe4 Bxe4 26. Qxe4 Ng7 27. Bb4 Bxb4 28. axb4 Qb6 29. Nf4 Rfe8 30. h4 Kh8 31. Nd3 a5 32. c4 Ra7 33. c5 Qb5 34. Reb1 a4 35.
Ra3 Rd8 36. Nf4 e5 37. Nd5 Qc6 38. Nc3 Qxe4 39. Nxe4 Nf5 40. b5 Nd4 41. b6 Raa8 42. b7 Rab8 43. Rxa4 f5 44. Nd6 Ne6 45. Nf7+ 1-0

[Event "Early-Titled-Tuesday-Blitz-March-19-2024"]
[Site "Chess.com"]
[Date "2024.03.19"]
[Round "7"]
[White "HandKnit"]
[Black "RianKapriaga"]
[Result "1/2-1/2"]
[WhiteElo "2499"]
[BlackElo "2346"]
[TimeControl "180+1"]
[EndTime "9:18:53 PDT"]
[Termination "Game drawn by repetition"]

1. Nf3 Nf6 2. g3 d5 3. Bg2 e6 4. O-O Be7 5. d3 O-O 6. Nbd2 b6 7. e4 Bb7 8. Qe2 c5 9. e5 Nfd7 10. Re1 Nc6 11. h4 Qc7 12. c4 d4 13. Nf1 Rae8 14.
Bf4 Qc8 15. N1h2 f6 16. exf6 Bxf6 17. Bd6 Rf7 18. Ng4 e5 19. Bxe5 Ndxe5 20. Nfxe5 Nxe5 21. f4 Bxg2 22. Kxg2 Qxg4 23. Qxg4 Nxg4 24. Rxe8+ Rf8 25. Rxf8+ Kxf8 26. Kf3 h5 27. Rb1 a5 28. a3 Be7 29.
Re1 Kf7 30. f5 Ne3 31. Ke4 Kf6 32. Rb1 Bd6 33. b4 axb4 34. axb4 Nxf5 35. bxc5 Bxc5 36.
Rf1 g6 37. Kd5 Kg7 38. Rf3 Kf6 39. Rf1 Ke7 40. Rf3 Kf7 41. Rf1 Kg7 42. Rf3 Kf6 43. Rf1 1/2-1/2

[Event "Early-Titled-Tuesday-Blitz-March-19-2024"]
[Site "Chess.com"]
[Date "2024.03.19"]
[Round "7"]
[White "Elegance_Riks"]
[Black "DvaHrasta"]
[Result "1/2-1/2"]
[WhiteElo "2768"]
[BlackElo "2498"]
[TimeControl "180+1"]
[EndTime "9:18:55 PDT"]
[Termination "Game drawn by repetition"]

1. Nf3 Nf6 2. c4 e6 3. g3 d5 4.
Bg2 d4 5. O-O c5 6. e3 Nc6 7. exd4 cxd4 8. d3 Be7 9. Re1 O-O 10. Na3 a6 11. Nc2 Re8 12. Bf4 Qb6 13. Rb1 a5 14. a3 a4 15. Ne5 Nd7 16. Nxc6 bxc6 17. Nb4 Bxb4 18. axb4 Bb7 19. Bd2 c5 20. b5 Bxg2 21. Kxg2 a3 22. bxa3 Qb7+ 23. Kg1 Rxa3 24. Qe2 e5 25. f3 h6 26. Ra1 Rea8 27. Rxa3 Rxa3 28. Bc1 Ra1 29. f4 exf4 30. Bxf4 Rxe1+ 31. Qxe1 Nf6 32. Qe2 h5 33. h3 Qd7 34. Kh2 h4 35. g4 Qa7 36. Qg2 Nd7 37. Qe2 Nf6 38. Bd6 Qd7 39.
Bf4 Qa7 1/2-1/2

[Event "Early-Titled-Tuesday-Blitz-March-19-2024"]
[Site "Chess.com"]
[Date "2024.03.19"]
[Round "7"]
[White "mishanick"]
[Black "GOGIEFF"]
[Result "0-1"]
[WhiteElo "3122"]
[BlackElo "3031"]
[TimeControl "180+1"]
[EndTime "9:18:56 PDT"]
[Termination "GOGIEFF won by resignation"]

1. d4 Nf6 2. c4 e6 3. Nf3 d5 4. Nc3 c6 5. e3 Nbd7 6. Qc2 Bd6 7. Be2 O-O 8. O-O dxc4 9. Bxc4 b5 10. Bd3 Bb7 11. e4 e5 12. Bg5 Re8 13. dxe5 Nxe5 14. Nxe5 Bxe5 15. f4 Bxc3 16. bxc3 Qb6+ 17. Kh1 c5 18. e5 c4 19. Bf5 Nd5 20. Bxh7+ Kh8 21. Be4 Ne3 22. Qb1 Nxf1 23. Bxb7 Qxb7 24. Qxf1 Rac8 25.
Re1 Rc5 26. Qf2 Rd5 27. h3 a5 28. Qh4+ Kg8 29. Qg4 Qd7 30. Qf3 b4 31. Kh2 Rd3 32. Qe4 Qd5 33. cxb4 axb4 34. Qf5 Rd2 35. Qg4 c3 36. f5 Rxe5 37. Bxd2 cxd2 38. f6 Rg5 39. Re8+ Kh7 40. Qh4+ Kg6 41. Re2 d1=Q 42. fxg7 Qd6+ 0-1

[Event "Early-Titled-Tuesday-Blitz-March-19-2024"]
[Site "Chess.com"]
[Date "2024.03.19"]
[Round "7"]
[White "LLariMarc"]
[Black "Statham_01"]
[Result "1-0"]
[WhiteElo "2440"]
[BlackElo "2583"]
[TimeControl "180+1"]
[EndTime "9:18:56 PDT"]
[Termination "LLariMarc won on time"]

1. d4 e6 2. c4 d5 3. Nc3 c5 4. cxd5 cxd4 5. Qxd4 Nc6 6. Qd1 exd5 7. Qxd5 Bd6 8. a3 Nf6 9. Qd1 O-O 10. Nf3 Qe7 11.
Bg5 Bf5 12. e3 Rad8 13. Nd5 Qe6 14. Bc4 Qe4 15. Bxf6 Qxc4 16. Bxd8 Rxd8 17. Rc1 Qa6 18. Nd4 Ne5 19. Nxf5 Nd3+ 20. Kd2 Bf8 21. e4 Nxf2 22. Qf3 Qa5+ 23. Ke2 Bc5 24. b4 Qa6+ 25. Kd2 Nxe4+ 26. Qxe4 Bf8 27. Rhd1 Qxa3 28. Ne3 a5 29. bxa5 Bb4+ 30.
Ke2 Qa2+ 31. Rc2 Qxa5 32. Nxb4 Qb5+ 33. Qc4 Qe8 34. Rxd8 Qxd8 35. Qc8 1-0

[Event "Early-Titled-Tuesday-Blitz-March-19-2024"]
[Site "Chess.com"]
[Date "2024.03.19"]
[Round "7"]
[White "Vaibhavraut99"]
[Black "FormerProdigy"]
[Result "0-1"]
[WhiteElo "2711"]
[BlackElo "2949"]
[TimeControl "180+1"]
[EndTime "9:18:57 PDT"]
[Termination "FormerProdigy won by checkmate"]

1. c4 e5 2. g3 Nc6 3. Bg2 Bc5 4. Nc3 Nge7 5. e3 d6 6. Nge2 h5 7. h3 a6 8. d4 Ba7 9. O-O h4 10. g4 f5 11. gxf5 Bxf5 12. e4 exd4 13. exf5 dxc3 14.
Nxc3 Qd7 15. Nd5 O-O-O 16. Bg5 Nxf5 17. Bxd8 Rxd8 18. Qg4 Rf8 19. Be4 Ng3 20. Qxh4 Nxe4 21. Qxe4 Qxh3 22. Qg2 Qf5 23. Rae1 Kb8 24. Ne7 Nxe7 25.
Rxe7 Qf6 26. Re4 Qxb2 27. Qg3 Bc5 28. Rf4 Re8 29. Kg2 Qxa2 30. Qxg7 Ka7 31. Qxc7 Rg8+ 32. Kf3 Qb3+ 33. Ke4 Qxc4+ 34. Kf3 Qd3# 0-1

[Event "Early-Titled-Tuesday-Blitz-March-19-2024"]
[Site "Chess.com"]
[Date "2024.03.19"]
[Round "7"]
[White "santosalberto1987"]
[Black "Gabix_94"]
[Result "1-0"]
[WhiteElo "2577"]
[BlackElo "2738"]
[TimeControl "180+1"]
[EndTime "9:18:57 PDT"]
[Termination "santosalberto1987 won by checkmate"]

1. e4 c5 2. Nf3 Nc6 3. Nc3 Nf6 4. d4 cxd4 5. Nxd4 e6 6. Ndb5 Bc5 7. Bf4 O-O 8. Bd6 Bxd6 9. Nxd6 a6 10. Qd2 b5 11.
f3 Ne8 12. O-O-O Qc7 13. Be2 Rb8 14. Kb1 Nxd6 15. Qxd6 Qa5 16. Nd5 exd5 17. exd5 Nb4 18. a3 Nxc2 19. Kxc2 Bb7 20. Kb1 Rbe8 21. Bd3 Qd8 22. h4 Re3 23. Be4 f5 24. Bc2 Rf6 25. Qf4 Qe7 26. d6 Qe6 27. h5 h6 28. Rd2 Bc6 29. Rhd1 a5 30. Rd3 Re5 31. Bb3 Qxb3 32.
Rxb3 Rfe6 33. Rbd3 Kh7 34. g4 fxg4 35. fxg4 Be4 36.
Ka2 Bxd3 37. Rxd3 b4 38. axb4 axb4 39. Qf7 Ra5+ 40. Kb3 Ra7 41. g5 hxg5 42. Rg3 Rf6 43. Qd5 g4 44. Rxg4 Ra6 45. Qe4+ Kh8 46. Qe8+ Kh7 47.
Rg6 Rf3+ 48. Kxb4 Rb6+ 49. Kc4 Rc6+ 50. Kd4 Rf4+ 51. Ke3 Rf1 52. Qxd7 Rcc1 53. Qxg7# 1-0

[Event "Early-Titled-Tuesday-Blitz-March-19-2024"]
[Site "Chess.com"]
[Date "2024.03.19"]
[Round "7"]
[White "MarijaKuznecova"]
[Black "MKlose11"]
[Result "0-1"]
[WhiteElo "2396"]
[BlackElo "2596"]
[TimeControl "180+1"]
[EndTime "9:18:57 PDT"]
[Termination "MKlose11 won on time"]

1. e4 e6 2. d4 d5 3. Nc3 Bb4 4. e5 Ne7 5. Qg4 c5 6. a3 Ba5 7. dxc5 Bxc3+ 8. bxc3 Qc7 9. f4 Qxc5 10. Ne2 Nf5 11.
a4 Nc6 12. Ba3 Qe3 13. Rd1 Bd7 14. Qf3 Qxf3 15. gxf3 Na5 16. Bb4 Nc4 17. Ra1 a5 18. Bc5 Nb2 19. Nd4 Nxd4 20. Bxd4 Nxa4 21. Kd2 b5 22.
Bd3 Nb2 23. Be2 Nc4+ 24. Ke1 Bc6 25. Kf2 Kd7 26. Rhb1 Kc7 27. Bc5 g6 28. Ra2 h5 29.
Rba1 a4 30. h4 Rhd8 31. Be7 Rd7 32. Bb4 d4 33. cxd4 Rxd4 34. Kg3 Kb7 35. Bd3 Rad8 36. Bc5 Rxd3 37. cxd3 Rxd3 38. Rf2 Rd5 39. Bb4 Rd3 40. Be1 Rb3 41. Rc1 Bd5 42. Rfc2 Rxf3+ 43. Kh2 Ka6 44. Rd1 Ne3 0-1

[Event "Early-Titled-Tuesday-Blitz-March-19-2024"]
[Site "Chess.com"]
[Date "2024.03.19"]
[Round "7"]
[White "Zampronha1971"]
[Black "WindWhistler11"]
[Result "0-1"]
[WhiteElo "2309"]
[BlackElo "2528"]
[TimeControl "180+1"]
[EndTime "9:18:58 PDT"]
[Termination "WindWhistler11 won by resignation"]

1. e4 e6 2. d4 d5 3. Nc3 Bb4 4.
e5 Ne7 5. a3 Bxc3+ 6. bxc3 c5 7. Qg4 Nf5 8. Nf3 Qa5 9. Bd2 Qa4 10. Bd3 O-O 11. Bxf5 exf5 12. Qh4 Qxc2 13. O-O Nc6 14. Rfe1 b6 15. dxc5 bxc5 16. Rac1 Qd3 17. c4 d4 18. Bg5 f4 19. Qxf4 Be6 20. Nd2 Bf5 21. Rcd1 Bg6 22.
Ne4 Qxc4 23. Rc1 Qd3 24. Nxc5 Qxa3 25. Nd7 Rfc8 26. Bf6 Nd8 27. Rxc8 Rxc8 28. Qxd4 Ne6 29.
Qg4 gxf6 30. Nxf6+ Kh8 31. h4 Rc1 32. Rxc1 Qxc1+ 33. Kh2 Qf4+ 34. Qxf4 Nxf4 35. g3 Nd3 36. h5 Bf5 37. g4 Be6 38. f4 Nxf4 39. Kg3 Nd3 40. g5 Nxe5 0-1

[Event "Early-Titled-Tuesday-Blitz-March-19-2024"]
[Site "Chess.com"]
[Date "2024.03.19"]
[Round "7"]
[White "Tol_Tol"]
[Black "ZachHKL"]
[Result "0-1"]
[WhiteElo "2281"]
[BlackElo "2183"]
[TimeControl "180+1"]
[EndTime "9:18:58 PDT"]
[Termination "ZachHKL won by checkmate"]

1. d4 d5 2. c4 c6 3. Nf3 Nf6 4. Nc3 e6 5. Qd3 dxc4 6. Qxc4 b5 7. Qd3 a6 8. e4 c5 9. e5 Nfd7 10. d5 c4 11. Qd1 Nb6 12. d6 Bb7 13. Be2 Nc6 14.
O-O h6 15. Re1 g6 16. Ne4 Bg7 17. Nc5 Bc8 18. Bf1 Bd7 19. a4 Qc8 20. axb5 axb5 21. Rxa8 Qxa8 22. b3 Qc8 23. bxc4 Nxc4 24. Nxd7 Qxd7 25.
Bxc4 bxc4 26. Qa4 c3 27. Qa8+ Nd8 28. Bf4 O-O 29. h4 Qb5 30. Qa3 Qc4 31. Qc1 Kh7 32.
Bd2 f6 33. Qxc3 Qd5 34. h5 fxe5 35. hxg6+ Kg8 36. Be3 Qxd6 37. Nd2 e4 38. Qb3 Qd5 39. Qc2 Rf6 40. Nxe4 Rxg6 41. Rd1 Qa8 42. Nc5 Qxg2# 0-1

[Event "Early-Titled-Tuesday-Blitz-March-19-2024"]
[Site "Chess.com"]
[Date "2024.03.19"]
[Round "7"]
[White "Antipov_Mikhail_Al"]
[Black "manitodeplomo"]
[Result "1/2-1/2"]
[WhiteElo "2895"]
[BlackElo "2660"]
[TimeControl "180+1"]
[EndTime "9:18:59 PDT"]
[Termination "Game drawn by repetition"]

1. e4 e6 2. d4 d5 3. Nd2 c5 4. Ngf3 cxd4 5. exd5 Qxd5 6. Bc4 Qd8 7. O-O Nc6 8. Nb3 Nf6 9. Nbxd4 Nxd4 10. Qxd4 Qxd4 11. Nxd4 Bc5 12. Nb3 Bd6 13. Rd1 Ke7 14.
Nd4 Bd7 15. Re1 g6 16. g3 Rhc8 17. Bf1 Kf8 18. Bg2 Rab8 19. c3 b5 20. a3 a5 21. Bh6+ Kg8 22. Rad1 Be7 23. Nb3 b4 24. Nxa5 bxc3 25. bxc3 Rxc3 26. Bg5 Rxa3 27. Nc4 Rc3 28.
Nd6 Bc6 29. Bxc6 Rxc6 30. Ne4 Kg7 31. Kg2 Rb7 32. Nd2 Nd5 33. Bxe7 Nxe7 34. Nf3 Rc2 35. Rd2 Rxd2 36. Nxd2 Nd5 37. Nf3 h6 38. h4 Rc7 39.
Rb1 Kf6 40. Rb2 g5 41. hxg5+ hxg5 42. Nd2 Kg6 43. Ne4 g4 44. Nd6 f5 45. Re2 Re7 46. Nc8 Re8 47. Nd6 Re7 48. Nc8 Re8 49. Nd6 Re7 1/2-1/2

[Event "Early-Titled-Tuesday-Blitz-March-19-2024"]
[Site "Chess.com"]
[Date "2024.03.19"]
[Round "7"]
[White "Zavgorodniy_Sergiy"]
[Black "ATM622"]
[Result "0-1"]
[WhiteElo "2613"]
[BlackElo "2505"]
[TimeControl "180+1"]
[EndTime "9:18:59 PDT"]
[Termination "ATM622 won by resignation"]

1. d4 Nf6 2. c4 e6 3. Nf3 d5 4. e3 Be7 5. Nbd2 O-O 6. Bd3 dxc4 7. Nxc4 b6 8. O-O Bb7 9. Qe2 c5 10. dxc5 Bxc5 11. Rd1 Nbd7 12. a3 a5 13. b3 Qc7 14.
Bb2 Rad8 15. Rac1 Ng4 16. h3 Bxf3 17. Qxf3 Qh2+ 18. Kf1 Ngf6 19. Ke2 Qb8 20. Kf1 e5 21. Bb1 Rfe8 22. Qf5 g6 23. Qf3 e4 24. Qf4 Qxf4 25. exf4 Nh5 26. g3 e3 27. Bd4 e2+ 28. Kg2 exd1=Q 29. Rxd1 Bxd4 30. Rxd4 Nc5 31. Rxd8 Rxd8 32. b4 axb4 33.
axb4 Nd3 34. b5 Ne1+ 35. Kf1 Rd1 36. Be4 Rc1 37. Nxb6 Nf6 38. Bc6 Nc2+ 39. Ke2 Nb4 40. Bf3 Rc5 41. Na4 Rxb5 42. Nc3 Rc5 43. Na4 Rc2+ 44.
Ke3 Nfd5+ 45. Kd4 Ne7 46. Ke3 Nf5+ 47. Ke4 Rxf2 48. g4 Ng3+ 49. Ke3 Rf1 50. Nc5 Nc2+ 51. Kd2 Rxf3 52. Kxc2 Rxf4 0-1

[Event "Early-Titled-Tuesday-Blitz-March-19-2024"]
[Site "Chess.com"]
[Date "2024.03.19"]
[Round "7"]
[White "esrosenberg"]
[Black "Crazy_girl99"]
[Result "1-0"]
[WhiteElo "2475"]
[BlackElo "2595"]
[TimeControl "180+1"]
[EndTime "9:19:00 PDT"]
[Termination "esrosenberg won by resignation"]

1. d4 Nf6 2. Nf3 e6 3. g3 d5 4. Bg2 c5 5. O-O Nc6 6. c4 dxc4 7. dxc5 Bxc5 8. Qxd8+ Kxd8 9. Nbd2 c3 10. bxc3 Ke7 11. Nb3 Bb6 12. Ba3+ Ke8 13. Nfd4 Nd5 14. Nxc6 bxc6 15.
c4 Ne7 16. Bd6 Bd7 17. c5 Bd8 18. Rfd1 f6 19. Rab1 Nd5 20. Rdc1 a5 21. Nd4 e5 22. e4 Nb4 23. Nf5 g6 24. a3 Nd3 25. Rd1 Nxf2 26. Kxf2 gxf5 27. exf5 Rc8 28. g4 h5 29. h3 hxg4 30. hxg4 Rh7 31. Kg3 Be7 32. Rh1 Rxh1 33. Rxh1 Bxd6 34. cxd6 Kd8 35. Rh8+ Be8 36. g5 Kd7 37. g6 Rd8 38. g7 Bf7 39. Rf8 Bc4 40. Bxc6+ Kxc6 41. Rxd8 e4 42. g8=Q Bxg8 43. Rxg8 Kxd6 44.
Kf4 Kd5 45. Re8 Kc4 46. Rxe4+ Kb3 47. Re6 Kxa3 1-0

[Event "Early-Titled-Tuesday-Blitz-March-19-2024"]
[Site "Chess.com"]
[Date "2024.03.19"]
[Round "7"]
[White "Kotofeyca"]
[Black "NowInChess"]
[Result "1-0"]
[WhiteElo "2453"]
[BlackElo "2258"]
[TimeControl "180+1"]
[EndTime "9:19:00 PDT"]
[Termination "Kotofeyca won on time"]

1. d4 Nf6 2. c4 c5 3. Nf3 cxd4 4. Nxd4 e5 5. Nb5 d5 6. cxd5 Bc5 7. d6 O-O 8. Nc7 Bxd6 9. Nxa8 Nc6 10. Nc3 Bf5 11.
g3 Nb4 12. Bg2 Nc2+ 13. Kf1 Nxa1 14. Bg5 Nc2 15. e4 Nd4 16. exf5 Qxa8 17. Bxf6 gxf6 18. Nd5 Qd8 19. Be4 Kh8 20. Qh5 Be7 21. Kg2 Qe8 22.
Rc1 Rg8 23. Rc7 Nc6 24. Rxb7 Rg5 25. Qh6 Qf8 26. Qxf8+ Bxf8 27. Nxf6 Kg7 28. Ne8+ Kg8 29. Bxc6 Rxf5 30. Rxa7 Rxf2+ 31. Kxf2 Bc5+ 32. Kf3 Bxa7 33. Ke4 Kf8 34. Kxe5 Ke7 35. Kd5 Bg1 36. h3 Bh2 37. g4 h6 38. b4 Bf4 39. b5 Be3 40. a4 Bb6 41. Nd6 f6 42. Nc4 Bc7 43. a5 Bb8 44. b6 1-0

[Event "Early-Titled-Tuesday-Blitz-March-19-2024"]
[Site "Chess.com"]
[Date "2024.03.19"]
[Round "7"]
[White "tarno17"]
[Black "visa"]
[Result "0-1"]
[WhiteElo "2179"]
[BlackElo "2303"]
[TimeControl "180+1"]
[EndTime "9:19:00 PDT"]
[Termination "visa won on time"]

1. e4 d5 2. exd5 Qxd5 3. Nf3 Nc6 4. Nc3 Qh5 5. h3 Nf6 6. Be2 Bg4 7. d3 O-O-O 8. Be3 Ne5 9. Nxe5 Bxe2 10. Qxe2 Qxe5 11.
O-O e6 12. f4 Qa5 13. a3 Bc5 14. b4 Bxe3+ 15. Qxe3 Qb6 16. Qxb6 axb6 17. g4 Nd5 18. Ne4 h6 19. Kg2 Ne3+ 20. Kf3 Nxc2 21. Ke2 Nxa1 22.
Rxa1 Rd4 23. Nf2 Rxf4 24. Ke3 g5 25. Ne4 f5 26. gxf5 exf5 27. Nf6 Rf8 28. Nh5 Re8+ 29. Kd2 Rh4 30. Nf6 Rf8 31. Nd5 Rxh3 32. Rc1 c6 33.
Nxb6+ Kc7 34. Nc4 f4 35. Re1 Rf7 36. Re8 Rd7 37. Ne5 Rh2+ 38. Kc3 Rg7 39. d4 g4 40. a4 f3 41. b5 f2 0-1

[Event "Early-Titled-Tuesday-Blitz-March-19-2024"]
[Site "Chess.com"]
[Date "2024.03.19"]
[Round "7"]
[White "MetiForce"]
[Black "jefferyx"]
[Result "0-1"]
[WhiteElo "2918"]
[BlackElo "3092"]
[TimeControl "180+1"]
[EndTime "9:19:01 PDT"]
[Termination "jefferyx won by resignation"]

1. d4 d5 2. c4 e6 3. Nc3 Nf6 4. cxd5 exd5 5. Bg5 c6 6. e3 Bd6 7. Bd3 O-O 8. Nge2 Re8 9. Qc2 h6 10. Bf4 a5 11. O-O Na6 12. a3 Nc7 13. Rad1 Ne6 14. Bxd6 Qxd6 15. Ng3 Nc7 16. Rfe1 Bd7 17. f3 c5 18.
dxc5 Qxc5 19. Nf1 d4 20. Ne2 Qxc2 21. Bxc2 dxe3 22. Nc3 Nb5 23. Nxb5 e2 24. Rxd7 exf1=Q+ 25. Rxf1 Nxd7 26. Nc7 Rec8 27. Nxa8 Rxc2 28. Rd1 Ne5 29. b4 axb4 30. axb4 Rb2 31. Rd8+ Kh7 32. Rd4 Rb1+ 33. Kf2 Rxb4 34. Rxb4 Nd3+ 35. Ke3 Nxb4 36. Nb6 g5 37. g4 Kg6 38. Ke4 Kf6 39. f4 Ke6 40. f5+ Kd6 41.
Nc4+ Ke7 42. Ne5 Nc6 43. Nc4 b5 44. Ne3 Kd6 45. Nd5 b4 46. Nf6 Ne5 47. Kd4 Nf3+ 48. Kc4 Nxh2 49. Kxb4 Ke5 50. Nd7+ Kf4 51. f6 Nxg4 52.
Kc3 Kf5 53. Kd4 Nxf6 54. Ne5 Ke6 0-1

[Event "Early-Titled-Tuesday-Blitz-March-19-2024"]
[Site "Chess.com"]
[Date "2024.03.19"]
[Round "7"]
[White "Zq1"]
[Black "Dr_Pepper18"]
[Result "1-0"]
[WhiteElo "2597"]
[BlackElo "2403"]
[TimeControl "180+1"]
[EndTime "9:19:01 PDT"]
[Termination "Zq1 won on time"]

1. d4 Nf6 2. c4 e6 3. g3 d5 4. Bg2 dxc4 5. Nf3 a6 6. a4 Nc6 7. O-O Rb8 8. e3 Bd7 9. Qe2 b5 10. axb5 axb5 11. Rd1 Be7 12. e4 O-O 13. Nc3 Nb4 14. Ne5 Qc8 15. Bg5 h6 16. Bxf6 Bxf6 17. Nxd7 Qxd7 18. e5 Be7 19. Ra7 Nd5 20. Nxd5 exd5 21.
Qh5 b4 22. Bh3 Qc6 23. Re1 c3 24. bxc3 b3 25. e6 b2 26. Bf5 fxe6 27. Bb1 Qxc3 28. Rd1 Bf6 29. Qg6 Qc1 30. Kg2 Qc3 31. Rd3 Qc1 32. Rf3 Qc6 33. Raa3 Qd6 34. Rae3 Rb4 35. Qh7+ Kf7 36. Bg6+ Ke7 37. Rxf6 Kxf6 38. Rf3+ Kg5 39. Qxg7 1-0

[Event "Early-Titled-Tuesday-Blitz-March-19-2024"]
[Site "Chess.com"]
[Date "2024.03.19"]
[Round "7"]
[White "Kunalm64"]
[Black "viktorgen2021"]
[Result "1-0"]
[WhiteElo "2626"]
[BlackElo "2469"]
[TimeControl "180+1"]
[EndTime "9:19:01 PDT"]
[Termination "Kunalm64 won by resignation"]

1. e4 g6 2. d4 Bg7 3. Nf3 d6 4. Bc4 Nf6 5. Qe2 O-O 6. O-O Bg4 7. c3 e5 8. dxe5 dxe5 9. Rd1 Qe7 10. h3 Bxf3 11.
Qxf3 Nc6 12. Be3 Rad8 13. Na3 a6 14. b4 Rxd1+ 15. Rxd1 Rd8 16. Bc5 Qe8 17. Rxd8 Nxd8 18. Be3 Ne6 19. Nb1 Nh5 20. g3 Qd7 21. Bd5 c6 22.
Bb3 Qd3 23. Qd1 Qxe4 24. Bxe6 fxe6 25. Qd8+ Bf8 26. Nd2 Qd5 27. Qc8 b5 28. Qxa6 Nf6 29. Qc8 Nd7 30. Bh6 Kf7 31. Be3 e4 32. Nxe4 Ne5 33. Ng5+ Kg8 34. Qxe6+ Qxe6 35. Nxe6 Be7 36. Kg2 Nd3 37. Nd4 c5 38. bxc5 b4 39. cxb4 Nxb4 40. c6 Bd6 41. Nb5 1-0